AoeStats
← tyco170

Nomad

510413497Analyzed
4v4 RM · 1d ago on Sep 30, 2026· 59m 28s· 8 players
Game mode
Random Map
Map size
231×231
Population
200
Speed
Normal
Resources
Standard
Victory
Conquest
Starting age
Dark Age
Ending age
Imperial Age
RankedLock teamsTeams togetherTeam positionsShared explorationLock speedFull tech treeHidden civsTurbo modeCheats
Victory
Defeat
🇨🇦 Franks · Canada
1133
+12
🇬🇧 Varangians · United Kingdom
1076
+15
🇺🇸 Spanish · United States
1060
+15
🇨🇦 Vietnamese · Canada
1060
+15
🇨🇳 Franks · China
1149
-18
🇵🇪 Lithuanians · Peru
1113
-16
🇨🇴 Spanish · Colombia
978
-12
🇪🇸 Saxons · Spain
962
-11
marineEdgeLord
5:26 Loom
14:56 Feudal Age
16:07 Double-Bit Axe
22:31 Castle Age
21:22 Fishing Lines
21:59 Fletching
23:33 Bow Saw
24:22 Medium Warships
24:04 Gillnets
25:14 Scale Barding Armor
25:55 Wheelbarrow
27:04 Hand Cart
27:23 Husbandry
30:48 Careening
31:56 Chain Barding Armor
31:47 Forging
38:19 Imperial Age
39:12 Iron Casting
39:39 Bodkin Arrow
40:08 Ballistics
40:01 Clinker Construction
39:39 Cavalier
40:55 Plate Barding Armor
41:23 Heavy Warships
43:01 Blast Furnace
41:22 Paladin
43:09 Chemistry
43:02 Conscription
42:52 Chivalry
44:30 Dry Dock
44:42 Gold Mining
46:22 Gold Shaft Mining
45:38 Stone Mining
55:25 Treadmill Crane
55:41 Murder Holes
55:52 Siege Engineers
CovertSpy
6:58 Loom
14:03 Feudal Age
15:51 Double-Bit Axe
15:50 Horse Collar
17:16 Town Watch
22:23 Castle Age
21:05 Forging
21:52 Scale Mail Armor
22:27 Bloodlines
23:06 Husbandry
25:35 Wheelbarrow
25:38 Fletching
25:48 Padded Archer Armor
28:21 Leather Archer Armor
31:46 Bodkin Arrow
33:51 Scale Barding Armor
38:06 Hand Cart
37:52 Town Patrol
39:42 Gold Mining
39:42 Stone Mining
43:37 Imperial Age
42:32 Medium Warships
44:23 Fortified Wall
44:18 Murder Holes
45:24 Chemistry
44:46 Ballistics
45:38 Pikeman
46:18 Squires
46:03 Arson
46:51 Halberdier
48:19 Elite Cannon Galleon
50:32 Iron Casting
50:13 Chain Mail Armor
50:18 Chain Barding Armor
51:33 Cavalier
53:23 Demolition Ship
60:08 Bow Saw
tyco170
3:41 Loom
14:49 Feudal Age
15:17 Double-Bit Axe
15:14 Horse Collar
18:33 Gold Mining
18:33 Stone Mining
21:19 Castle Age
20:04 Forging
22:28 Bow Saw
22:21 Heavy Plow
25:05 Murder Holes
27:45 Fletching
27:55 Padded Archer Armor
32:50 Squires
32:35 Arson
34:11 Bodkin Arrow
36:11 Wheelbarrow
36:25 Ballistics
37:52 Hand Cart
38:40 Town Watch
40:08 Masonry
40:29 Leather Archer Armor
41:01 Town Patrol
45:27 Iron Casting
44:53 Scale Mail Armor
44:37 Treadmill Crane
The Rock
6:49 Loom
16:24 Feudal Age
17:42 Double-Bit Axe
17:56 Double-Bit Axe
21:24 Castle Age
20:15 Horse Collar
21:35 Fishing Lines
24:37 Heavy Plow
25:41 Forging
25:38 Scale Barding Armor
26:04 Husbandry
26:51 Bloodlines
28:07 Light Cavalry
30:35 Town Watch
31:25 Wheelbarrow
39:52 Imperial Age
37:45 Chain Barding Armor
38:58 Bow Saw
38:52 Gillnets
40:16 Scale Mail Armor
40:18 Padded Archer Armor
40:56 Hand Cart
40:41 Town Patrol
41:19 Iron Casting
40:15 Elite Varangian Guard
40:58 Squires
40:34 Pikeman
41:39 Gold Mining
41:39 Stone Mining
41:27 Cavalier
43:21 Conscription
43:29 Vendel Legacy
46:56 Plate Barding Armor
46:38 Chain Mail Armor
47:23 Blast Furnace
48:25 Siege Engineers
48:43 Ballistics
49:10 Arson
49:57 Plate Mail Armor
49:44 Leather Archer Armor
49:11 Treadmill Crane
49:16 Hussar
49:48 Halberdier
51:36 Capped Ram
52:08 Heated Shot
53:19 Chemistry
54:03 Siege Ram
55:34 Ring Archer Armor
54:55 Fletching
57:50 Gambesons
Lucas Grijander
4:35 Loom
15:17 Feudal Age
16:54 Wheelbarrow
21:30 Castle Age
21:13 Man-at-Arms
22:35 Hand Cart
33:49 Double-Bit Axe
44:28 Bow Saw
54:27 Imperial Age
52:06 Pikeman
52:47 Squires
52:33 Arson
55:26 Halberdier
xxARCON97xx
8:35 Loom
15:10 Feudal Age
16:09 Double-Bit Axe
21:30 Castle Age
26:44 Fishing Lines
27:45 Careening
27:33 Gillnets
28:09 Bloodlines
27:59 Husbandry
30:37 Stone Mining
31:10 Medium Warships
33:24 Fletching
37:29 Gold Mining
38:21 Wheelbarrow
40:27 Scale Barding Armor
44:59 Imperial Age
43:05 Horse Collar
45:08 Elite Conquistador
46:36 Hand Cart
46:42 Bodkin Arrow
47:43 Ballistics
48:36 Murder Holes
49:04 Pikeman
49:42 Town Watch
50:19 Halberdier
53:39 Hoardings
MACS-X
3:14 Loom
15:15 Feudal Age
19:29 Castle Age
18:49 Double-Bit Axe
18:52 Horse Collar
20:32 Wheelbarrow
25:34 Fervor
27:14 Husbandry
27:28 Gold Mining
28:47 Bloodlines
30:08 Heavy Plow
30:21 Scale Barding Armor
31:29 Chain Barding Armor
31:19 Forging
32:28 Forging
33:13 Stone Mining
35:09 Iron Casting
38:47 Imperial Age
39:22 Cavalier
41:33 Plate Barding Armor
43:17 Paladin
52:22 Elite Leitis
53:24 Conscription
尹佳蓝可爱捏
3:25 Loom
14:53 Feudal Age
15:56 Town Watch
19:06 Castle Age
17:22 Fletching
18:53 Padded Archer Armor
20:10 Double-Bit Axe
21:31 Bodkin Arrow
22:10 Bow Saw
24:57 Wheelbarrow
33:30 Scale Barding Armor
34:53 Hand Cart
35:25 Forging
35:36 Chain Barding Armor
35:51 Leather Archer Armor
38:24 Iron Casting
39:11 Husbandry
42:34 Imperial Age
40:29 Gold Mining
40:29 Stone Mining
40:30 Gold Mining
40:30 Stone Mining
43:41 Gold Shaft Mining
43:57 Plate Barding Armor
45:16 Blast Furnace
45:23 Cavalier
49:07 Conscription
48:19 Paladin
52:10 Chemistry
Connection lost

Rejoining the realm…

Still unreachable

The connection could not be restored.

Session expired

The server has moved on; the page needs a fresh start.